 Dungeon Crawl Stone Soup version 0.19.4-8-ga85b6b9 (webtiles) character file.

88424 JNO the Warrior (level 15, -2/147 HPs)
             Began as a Minotaur Berserker on Feb 13, 2017.
             Was a High Priest of Trog.
             Slain by a sixfirhy (3 damage)
             ... summoned by Frances
             ... on level 13 of the Dungeon.
             The game lasted 02:41:51 (29806 turns).

JNO the Warrior (Minotaur Berserker)               Turns: 29806, Time: 02:41:51

Health: -2/147     AC: 20    Str: 32    XL:     15   Next: 46%
Magic:  23/23      EV: 12    Int: 11    God:    Trog [*****.]
Gold:   1644       SH:  5    Dex: 10    Spells: 0 memorised, 14 levels left

rFire  + + .     SeeInvis .     a - +3 trident "Tattletale" {flame, +Rage rPois Str-2 Int+4}
rCold  + . .     Gourm    .     Y - +1 chain mail {MR+}
rNeg   . . .     Faith    .     t - +2 buckler
rPois  +         Spirit   .     (helmet restricted)
rElec  +         Reflect  .     (no cloak)
rCorr  +         Harm     .     r - +0 pair of gloves "Seheic" {Str+2}
MR     ++++.                    Q - +2 pair of boots {Fly}
Stlth  ..........               H - amulet of magic regeneration
                                W - +3 ring of evasion
                                B - ring "Xoth" {*Contam rF+ Str+4 Int+3 Stlth+}

@: about to teleport, resistant, very slightly contaminated, regenerating,
hasted, very quick
A: retaliatory headbutt, horns 2
a: Berserk, Trog's Hand, Brothers in Arms, Burn Spellbooks, Renounce Religion,
Evoke Berserk Rage, Evoke Flight


You were on level 13 of the Dungeon.
You worshipped Trog.
Trog was extremely pleased with you.
You were very hungry.

You visited 3 branches of the dungeon, and saw 23 of its levels.
You also visited: Sewer.

You collected 2238 gold pieces.
You spent 594 gold pieces at shops.

Inventory:

Hand Weapons
 a - the +3 trident "Tattletale" (weapon) {flame, +Rage rPois Str-2 Int+4}
   (You bought it in a shop on level 7 of the Dungeon)

   It has been specially enchanted to burn those struck by it, causing extra
   injury to most foes and up to half again as much damage against particularly
   susceptible opponents.
   It affects your strength (-2).
   It affects your intelligence (+4).
   It protects you from poison.
   It lets you go berserk.
 j - a +5 antimagic trident
 X - a +2 trident of venom
Armour
 r - the +0 pair of gloves "Seheic" (worn) {Str+2}
   (You found it on level 13 of the Dungeon)

   It affects your strength (+2).
 t - a +2 buckler (worn)
 w - a +1 ring mail of fire resistance
 Q - a +2 pair of boots of flying (worn)
 Y - a +1 chain mail of magic resistance (worn)
Jewellery
 B - the ring "Xoth" (left hand) {*Contam rF+ Str+4 Int+3 Stlth+}
   (You found it on level 14 of the Dungeon)

   [ring of protection from fire]

   It affects your strength (+4).
   It affects your intelligence (+3).
   It protects you from fire.
   It causes magical contamination when unequipped.
   It makes you more stealthy.
 H - an amulet of magic regeneration (around neck)
 K - an uncursed ring of see invisible
 R - a +5 ring of dexterity
 U - a +2 ring of strength
 W - a +3 ring of evasion (right hand)
Wands
 h - a wand of digging (11/24)
 i - a wand of disintegration (8/24)
 q - a wand of polymorph (21/24)
 C - a wand of paralysis (15/24)
 D - a wand of acid (8/15)
 F - a wand of hasting (3/9)
 S - a wand of flame (28/48)
 T - a wand of confusion (26/48)
Scrolls
 f - a scroll of identify
 l - 3 scrolls of blinking
 m - 2 scrolls of fear
 p - a scroll of immolation {unknown}
 s - 6 scrolls of teleportation
 u - 3 scrolls of magic mapping
 x - 2 scrolls of enchant armour {unknown}
 y - 7 scrolls of remove curse
 z - a scroll of summoning {unknown}
 E - 4 scrolls of amnesia
 G - a scroll of silence {unknown}
 I - 6 scrolls of recharging
 J - 4 scrolls of enchant weapon
 N - a scroll of acquirement {unknown}
 O - 2 scrolls of brand weapon {unknown}
 P - 2 scrolls of fog {unknown}
 V - 4 scrolls of random uselessness {unknown}
 Z - 3 scrolls of vulnerability {unknown}
Potions
 n - a potion of might
 o - a potion of cancellation
Comestibles
 c - 10 bread rations
 d - 65 fruits
 A - 5 chunks of flesh


   Skills:
 + Level 17.0 Fighting
 - Level 16.0 Polearms
 + Level 16.6 Armour
 - Level 2.1 Dodging
 - Level 12.0 Evocations


You had 14 spell levels left.
You didn't know any spells.

Dungeon Overview and Level Annotations

Branches:
Dungeon (15/15)            Temple (0/1) D:5            Lair (6/6) D:10
  Swamp (0/4) Lair:4       Spider (0/4) Lair:2        Slime (0/5) Lair:6
    Orc (2/2) D:9             Elf (0/3) Orc:2        Vaults (0/5) D:13
 Depths (0/5) D:15

Altars:
Gozag
Kikubaaqudgha
Makhleb
Ru
Trog
Xom
Zin
The Shining One
Beogh

Shops:
D:7 *:?(*   Orc:2 ([*:(

Annotations:
D:13 Frances
D:14 exclusion: downstairs
Lair:1 exclusion: oklob plant
Lair:2 2 exclusions
Lair:6 exclusions: 2 oklob plants and 1 more exclusion


Innate Abilities, Weirdness & Mutations

You reflexively headbutt those who attack you in melee.
You have a pair of horns on your head.


Message History

The shard of ice hits you! You partially resist.
* * * LOW HITPOINT WARNING * * *
Unknown command.
Eat one of 5 chunks of flesh? (ye/n/q)
Okay, then.
Okay, then.
Frances sneers.
The sixfirhy misses you. You furiously retaliate!
You headbutt the sixfirhy!
Your troll goes berserk!
You feel quite a bit more hungry.
The sixfirhy hits you but does no damage. x2
You block the sixfirhy's attack.
The neqoxec gestures.
Attack whom?
Press: ? - help, Dir - move target cursor, f - hill giant, p - Frances
Aim: a hill giant, wielding a giant club You could not reach far enough!
The sixfirhy hits you.
* * * LOW HITPOINT WARNING * * *
The sixfirhy shocks you. You resist.
You die...

...#######....##'#####..#
........................#
..........######........#
###.......#....#........#
#.....4.)....#........#
#.......#).@.#........#
#.......#5..C#........#
#.......#.53T#........#
#.......#543@#........#
#.......######......###
#........ ........#
#.<.o.... !#######.####
#........ #.....#....#
#.....'....# .
#.....#....#
..#######....#
.............#


You could see Frances, a hill giant, a rust devil, a sixfirhy, a neqoxec, a
crimson imp, a white imp, an ufetubus and a friendly troll (berserk).

Vanquished Creatures
  Rupert (Lair:5)
  The ghost of danebombitumenja the Crack Shot, a journeyman CeHu of Okawaru (D:11)
  Nessos (D:13)
  Azrael (D:14)
  Snorg (Lair:4)
  Josephine (Lair:4)
  8 hydras
  A death knight (D:15)
  Erica (Lair:1)
  A centaur warrior (D:15)
  2 dancing weapons (D:13)
  A tengu warrior (D:15)
  Urug (D:12)
  9 death yaks
  A deep troll shaman (Lair:6)
  6 orc high priests
  Sonja (Lair:1)
  The ghost of Zorot the Fighter, a novice FoFi (D:9)
  3 skeletal warriors (D:15)
  A spark wasp zombie (D:15)
  2 unseen horrors
  2 phantasmal warriors (D:15)
  6 hill giants
  A necromancer (D:15)
  5 orc knights
  A harpy (D:13)
  A lindwurm (Lair:6)
  3 deep elf magi
  A shadow dragon skeleton (D:15)
  8 ugly things
  A cyclops (Orc:1)
  5 elephants (Lair:6)
  A manticore (D:15)
  A fire giant zombie (D:15)
  6 black mambas
  A spectral centaur (D:14)
  7 spiny frogs
  5 komodo dragons
  A redback zombie (D:14)
  2 gargoyles
  A kobold demonologist (D:13)
  3 rime drakes
  3 meliai (D:13)
  4 trolls
  A polar bear (Lair:5)
  4 two-headed ogres
  8 slime creatures
  7 blink frogs
  6 hippogriffs
  A harpy skeleton (D:14)
  3 meliai zombies (D:14)
  A vampire (D:15)
  A spriggan skeleton (D:15)
  5 wraiths
  7 wyverns
  2 redbacks (Lair:2)
  40 yaks
  Eustachio (D:4)
  Grum (Lair:1)
  3 basilisks
  2 fire elementals (D:14)
  A redback simulacrum (D:14)
  8 vampire mosquitoes
  A mottled dragon (D:15)
  A soldier ant (D:13)
  9 water moccasins
  13 porcupines
  6 hell hounds
  31 orc warriors
  2 phantoms
  3 ice beasts
  4 sky beasts
  5 black bears
  18 wolves
  A necrophage (D:14)
  8 ogres
  6 centaurs
  12 crocodiles
  5 big kobolds
  17 bullfrogs
  A wyvern zombie (D:9)
  2 killer bees (D:7)
  3 scorpions
  3 howler monkeys
  6 wights (D:11)
  A lava snake (D:7)
  6 crimson imps
  2 bullfrog zombies
  A quasit (D:12)
  A gnoll shaman (D:7)
  4 bullfrog skeletons
  A centaur skeleton (D:5)
  2 centaur zombies
  5 jellies
  9 hounds
  21 orc priests
  13 orc wizards
  7 iguanas
  A siren (Sewer)
  3 hell rats
  5 worker ants
  A merfolk avatar (Sewer)
  2 hound zombies
  2 hound skeletons
  2 worker ant zombies
  14 adders
  11 gnolls
  3 river rats (Sewer)
  7 shadow imps
  2 oozes
  2 adder skeletons (D:5)
  An adder zombie (D:5)
  A worm (shapeshifter) (D:15)
  A worm (D:2)
  2 dart slugs
  2 leopard geckos
  67 orcs
  2 ball pythons (Sewer)
  6 bats
  12 giant cockroaches
  12 goblins
  12 hobgoblins
  16 jackals
  31 kobolds
  4 quokkas
  6 frilled lizards
  A leopard gecko skeleton (D:9)
  2 leopard gecko zombies
  2 quokka zombies
  26 rats
707 creatures vanquished.

Vanquished Creatures (collateral kills)
  A catoblepas (Lair:6)
  5 death yaks
  A hill giant (D:10)
  A cyclops (D:9)
  A komodo dragon (Lair:6)
  A polar bear (Lair:6)
  3 blink frogs (Lair:6)
  An orc warrior (Orc:2)
  A crocodile (Lair:6)
  3 killer bees (D:7)
  An orc priest (Orc:2)
  A hell rat (Lair:6)
20 creatures vanquished.

Vanquished Creatures (others)
  A wizard (D:14)
  An ogre (D:4)
  A worker ant (D:4)
  A worker ant zombie (D:6)
  An adder (D:4)
  A ball python (D:4)
  9 fungi
  3 plants
  A withered plant (D:15)
19 creatures vanquished.

Grand Total: 746 creatures vanquished

Notes
Turn   | Place    | Note
-------+----------+-------------------------------------------
     0 | D:1      | JNO the Minotaur Berserker began the quest for the Orb.
     0 | D:1      | Reached XP level 1. HP: 19/19 MP: 0/0
    66 | D:1      | Reached XP level 2. HP: 27/27 MP: 1/1
   203 | D:1      | Reached skill level 4 in Fighting
   955 | D:2      | Reached XP level 3. HP: 33/33 MP: 2/2
  1082 | D:2      | Reached ** piety under Trog
  1122 | D:2      | Found an ancient bone altar of Kikubaaqudgha.
  1566 | D:2      | Reached XP level 4. HP: 41/41 MP: 3/3
  1656 | D:2      | Found a faded altar of an unknown god.
  1656 | D:2      | Found a faded altar of an unknown god.
  1661 | D:2      | Found an opulent altar of Gozag.
  1663 | D:2      | Found a faded altar of an unknown god.
  1664 | D:2      | Found a faded altar of an unknown god.
  1874 | D:3      | Found a faded altar of an unknown god.
  1934 | D:3      | Reached skill level 5 in Polearms
  2178 | D:3      | Reached skill level 5 in Fighting
  2178 | D:3      | Reached XP level 5. HP: 48/48 MP: 4/4
  2189 | D:3      | Found a burning altar of Makhleb.
  2599 | D:4      | Killed an ogre
  2608 | D:4      | Found a glowing drain.
  2621 | D:4      | Reached *** piety under Trog
  2649 | Sewer    | Entered a sewer
  2835 | Sewer    | Reached XP level 6. HP: 56/56 MP: 5/5
  3068 | Sewer    | Reached skill level 6 in Fighting
  3204 | D:4      | Reached **** piety under Trog
  3335 | D:4      | Noticed Eustachio
  3355 | D:4      | Killed Eustachio
  3355 | D:4      | Reached skill level 5 in Armour
  3355 | D:4      | Reached XP level 7. HP: 64/64 MP: 6/6
  3411 | D:4      | Found a bloodstained altar of Trog.
  3451 | D:4      | Found a sacrificial altar of Ru.
  3453 | D:4      | Found a glowing golden altar of the Shining One.
  3455 | D:4      | Found a shimmering altar of Xom.
  3940 | D:5      | Entered Level 5 of the Dungeon
  4352 | D:5      | Found a staircase to the Ecumenical Temple.
  4398 | D:5      | Reached skill level 7 in Fighting
  4531 | D:5      | Reached skill level 1 in Evocations
  4927 | D:6      | Reached XP level 8. HP: 73/73 MP: 8/8
  5933 | D:7      | Found Sairgh's General Store.
  5933 | D:7      | Found Syheqyon's Book Shoppe.
  6018 | D:7      | Reached skill level 8 in Fighting
  6248 | D:7      | Found Yget's Antique Weapon Boutique.
  6375 | D:7      | Reached ***** piety under Trog
  6379 | D:7      | Found Ymuarch's Magic Scroll Shop.
  6403 | D:7      | Bought a scroll of identify for 28 gold pieces
  6575 | D:7      | Reached XP level 9. HP: 82/82 MP: 10/10
  6575 | D:7      | Received a gift from Trog
  6922 | D:7      | Found Enwaj's General Store.
  7362 | D:8      | Reached skill level 9 in Fighting
  7460 | D:8      | Noticed a hill giant
  7499 | D:8      | Killed a hill giant
  8045 | D:8      | Reached skill level 10 in Polearms
  8269 | D:9      | Found a staircase to the Orcish Mines.
  8369 | D:9      | Noticed Zorot's ghost (novice FoFi)
  8385 | D:9      | Killed Zorot's ghost
  8385 | D:9      | Reached skill level 10 in Fighting
  8385 | D:9      | Reached XP level 10. HP: 93/93 MP: 12/12
  8745 | D:9      | Reached skill level 5 in Evocations
  9094 | D:9      | Noticed a cyclops
  9105 | D:9      | Killed a cyclops
  9397 | D:10     | Entered Level 10 of the Dungeon
  9645 | D:10     | Found a staircase to the Lair.
  9835 | D:10     | Noticed a hill giant
  9842 | D:10     | Killed a hill giant
 10296 | Lair:1   | Entered Level 1 of the Lair of Beasts
 10296 | Lair:1   | Noticed Grum
 10586 | D:7      | Bought a crude trident for 229 gold pieces
 10587 | D:7      | Identified the cursed +3 trident "Tattletale" {flame, +Rage rPois Str-2 Int+4} (You bought it in a shop on level 7 of the Dungeon)
 10589 | D:7      | Bought a glowing glaive for 337 gold pieces
 10731 | Lair:1   | Killed Grum
 10736 | Lair:1   | Reached skill level 10 in Armour
 11147 | Lair:1   | Noticed Sonja
 11163 | Lair:1   | Killed Sonja
 11163 | Lair:1   | Reached skill level 11 in Fighting
 11257 | Lair:1   | Noticed Erica
 11276 | Lair:1   | Killed Erica
 11276 | Lair:1   | Reached XP level 11. HP: 83/102 MP: 14/14
 11288 | Lair:1   | Noticed a six-headed hydra
 11298 | Lair:1   | Killed a six-headed hydra
 11523 | Lair:1   | Noticed an oklob plant
 11534 | Lair:1   | Found a glowing silver altar of Zin.
 12388 | Lair:2   | Found a hole to the Spider Nest.
 13017 | Lair:2   | Reached skill level 12 in Fighting
 13038 | Lair:2   | Noticed an eight-headed hydra
 13046 | Lair:2   | Killed an eight-headed hydra
 13720 | Lair:3   | Noticed a death yak
 13721 | Lair:3   | Noticed a death yak
 13721 | Lair:3   | Noticed a death yak
 13721 | Lair:3   | Noticed a death yak
 13721 | Lair:3   | Noticed a death yak
 13722 | Lair:3   | Noticed a death yak
 13737 | Lair:3   | Killed a death yak
 13739 | Lair:3   | Killed a death yak
 13742 | Lair:3   | Killed a death yak
 13747 | Lair:3   | Killed a death yak
 13751 | Lair:3   | Killed a death yak
 13763 | Lair:3   | Killed a death yak
 13763 | Lair:3   | Reached XP level 12. HP: 84/113 MP: 16/16
 14296 | Lair:3   | Found a burning altar of Makhleb.
 14706 | Lair:4   | Noticed a seven-headed hydra
 14717 | Lair:4   | Killed a seven-headed hydra
 14852 | Lair:4   | Noticed Josephine
 14861 | Lair:4   | Killed Josephine
 15036 | Lair:4   | Found a staircase to the Swamp.
 15196 | Lair:4   | Noticed Snorg
 15203 | Lair:4   | Reached skill level 15 in Polearms
 15209 | Lair:4   | Killed Snorg
 15766 | Lair:5   | Noticed Rupert
 15793 | Lair:5   | Killed Rupert
 15793 | Lair:5   | Reached skill level 13 in Fighting
 16201 | Lair:5   | Reached XP level 13. HP: 105/122 MP: 18/18
 17015 | Orc:1    | Entered Level 1 of the Orcish Mines
 17592 | Orc:2    | Entered Level 2 of the Orcish Mines
 17592 | Orc:2    | Found Koffuc's Antique Weapon Shoppe.
 17593 | Orc:2    | Found a staircase to the Elven Halls.
 17756 | Orc:2    | Found a roughly hewn altar of Beogh.
 19250 | Orc:2    | Received a gift from Trog
 19795 | Orc:2    | Reached skill level 14 in Fighting
 20181 | Orc:2    | Found Xapaerie's Weapon Emporium.
 20184 | Orc:2    | Found Erchy's Assorted Antiques.
 20185 | Orc:2    | Found Uhiteg's Book Emporium.
 20186 | Orc:2    | Found Lehyoqaun's Armour Shoppe.
 20563 | Lair:6   | Entered Level 6 of the Lair of Beasts
 20592 | Lair:6   | Reached skill level 10 in Evocations
 21274 | Lair:6   | Reached XP level 14. HP: 27/133 MP: 20/20
 22216 | Lair:6   | Reached skill level 15 in Fighting
 22273 | Lair:6   | Received a gift from Trog
 23298 | Lair:6   | Found a staircase to the Slime Pits.
 24251 | D:11     | Noticed danebombitumenja's ghost (journeyman CeHu)
 24270 | D:11     | Killed danebombitumenja's ghost
 24644 | D:12     | Reached skill level 15 in Armour
 25048 | D:12     | Got a jewelled ring mail
 25076 | D:12     | Identified the cursed +1 ring mail "Toafotru" {rC+} (You found it on level 12 of the Dungeon)
 25673 | D:12     | Noticed Urug
 25750 | D:12     | Killed Urug
 26151 | D:13     | Noticed Frances
 26540 | D:13     | Found a gate to the Vaults.
 26581 | D:13     | You fall through a shaft for 2 floors!
 26581 | D:15     | Entered Level 15 of the Dungeon
 26933 | D:15     | Reached skill level 16 in Fighting
 27042 | D:15     | Found an ancient bone altar of Kikubaaqudgha.
 27092 | D:15     | Found a staircase to the Depths.
 27114 | D:15     | Reached XP level 15. HP: 140/144 MP: 22/22
 27330 | D:15     | Received a gift from Trog
 28038 | D:14     | Noticed Azrael
 28318 | D:14     | Killed Azrael
 28421 | D:14     | Got a sparkling lead ring
 28452 | D:14     | Identified the ring "Xoth" {*Contam rF+ Str+4 Int+3 Stlth+} (You found it on level 14 of the Dungeon)
 28506 | D:14     | Identified the Collected Works on Lightness and Attacks
 29495 | D:13     | Got a pair of warped gloves
 29506 | D:13     | Identified the +0 pair of gloves "Seheic" {Str+2} (You found it on level 13 of the Dungeon)
 29615 | D:13     | Noticed Nessos
 29635 | D:13     | Killed Nessos
 29635 | D:13     | Reached skill level 17 in Fighting
 29745 | D:13     | Received a gift from Trog
 29803 | D:13     | HP: 1/147 [Frances/shard of ice (21)]
 29806 | D:13     | Slain by a sixfirhy

Skill      XL: |  1  2  3  4  5  6  7  8  9 10 11 12 13 14 15 |
---------------+----------------------------------------------+-----
Polearms       | 4 5 6 7 8 10 11 12 15 16 | 16.0
Fighting       | 4 5 6 7 8 10 11 12 13 14 16 17 | 17.0
Armour         | 3 4 5 6 7 9 10 11 12 14 15 16 | 16.6
Evocations     | 1 3 4 6 7 8 10 11 12 | 12.0
Dodging        | |  2.1

Action                   |  1- 3 |  4- 6 |  7- 9 | 10-12 | 13-15 || total
-------------------------+-------+-------+-------+-------+-------++-------
Melee: Spear             |   113 |   138 |       |       |       ||   251
       Headbutt          |    11 |    21 |    51 |   111 |   327 ||   521
       Trident           |       |    83 |   382 |   510 |  1364 ||  2339
Invok: Berserk           |     1 |     4 |     7 |    14 |    23 ||    49
       Trog's Hand       |       |     2 |     2 |     5 |    10 ||    19
       Brothers in Arms  |       |       |     1 |     4 |     5 ||    10
       Burn Spellbooks   |       |       |     1 |     1 |     2 ||     4
 Abil: Stop Flying       |       |       |       |       |     1 ||     1
Evoke: Wand              |       |       |     4 |     2 |    15 ||    21
  Use: Scroll            |       |     3 |       |    10 |    18 ||    31
       Potion            |       |       |       |     4 |    13 ||    17
 Stab: Distracted        |       |       |     1 |     1 |       ||     2
       Paralysed         |       |       |     4 |     2 |       ||     6
       Petrifying        |       |       |       |       |     1 ||     1
  Eat: Chunk             |     3 |     9 |     8 |    18 |    27 ||    65
       Bread ration      |       |       |     1 |     1 |     5 ||     7
       Royal jelly       |       |       |     2 |       |       ||     2
       Beef jerky        |       |       |     1 |     2 |     2 ||     5
       Meat ration       |       |       |     1 |     3 |     3 ||     7
       Fruit             |       |       |       |     1 |     3 ||     4
       Pizza             |       |       |       |     1 |       ||     1
Armor: Animal skin       |     1 |       |       |       |       ||     1
       Chain mail        |    24 |    91 |   114 |       |   271 ||   500
       Plate armour      |       |       |    14 |   163 |    41 ||   218
       Ring mail         |       |       |       |       |    13 ||    13
       Skin              |       |       |       |       |     2 ||     2
Dodge: Dodged            |    23 |    61 |    94 |   114 |   342 ||   634
Block: Buckler           |       |       |       |    65 |   184 ||   249
